 Dungeon Crawl Stone Soup version 0.29.0-7-g18a832c13a (webtiles) character file.

Game seed: 13028985653445828384

144 apoch the Poker (level 5, -1/64 HPs)
             Began as a Merfolk Fighter on Aug 31, 2022.
             Was a Follower of Qazlal.
             Succumbed to a scorpion's poison
             ... on level 3 of the Dungeon.
             The game lasted 00:04:24 (2685 turns).

apoch the Poker (Merfolk Fighter)                   Turns: 2685, Time: 00:04:25

Health: -1/64      AC: 22    Str: 18    XL:     5   Next: 27%
Magic:  6/6        EV:  2    Int:  7    God:    Qazlal [*.....]
Gold:   209        SH:  7    Dex: 14    Spells: 4/4 levels left

rFire   . . .      SeeInvis .   a - +0 trident
rCold   . . .      Faith    .   c - +0 buckler
rNeg    . . .      Spirit   .   (body armour currently unavailable)
rPois   +          Reflect  .   (helmet currently unavailable)
rElec   .          Harm     .   (cloak currently unavailable)
rCorr   .          Rampage  .   (gloves currently unavailable)
Will    .....      NoTele   +   (boots currently unavailable)
Stlth   +.........              (no amulet)
HPRegen 0.20/turn               (no ring)
MPRegen 0.10/turn               (no ring)

@: lethally poisoned (-1 -> -21), tree-form
A: stationary, stasis, torment immunity, boosted hp, (nimble swimmer 2),
(mertail)
a: Renounce Religion


You were on level 3 of the Dungeon.
You worshipped Qazlal.
Qazlal was aware of your devotion.
You were a tree.
You visited 1 branch of the dungeon, and saw 3 of its levels.

You collected 209 gold pieces.

Inventory:

Hand Weapons
 a - a +0 trident (weapon)
Missiles
 g - 6 boomerangs
 r - a stone (quivered)
Armour
 b - a +0 scale mail
 c - a +0 buckler (worn)
 d - a +0 cloak (melded)
 s - a +0 chain mail (melded)
Scrolls
 e - a scroll of enchant armour {unknown}
 i - a scroll of enchant weapon {unknown}
 j - 6 scrolls of identify {unknown}
 l - a scroll of fear {unknown}
 n - a scroll of brand weapon {unknown}
 o - a scroll of immolation {unknown}
 p - 2 scrolls of magic mapping {unknown}
Potions
 h - a potion of brilliance {unknown}
 k - a potion of flight {unknown}
 m - 2 potions of haste {unknown}
 q - a potion of mutation {unknown}


   Skills:
 * Level 4.5 Fighting
 * Level 4.7 Polearms
 + Level 2.6 Armour
 - Level 3.0 Shields
 + Level 1.5 Invocations


You had 4 spell levels left.
You didn't know any spells.
Your spell library was empty.

Dungeon Overview and Level Annotations

Branches:
Dungeon (3/15)

Altars:
Dithmenos
Qazlal


Innate Abilities, Weirdness & Mutations

You are a tree.
Your roots penetrate the ground, keeping you stationary.
You cannot be teleported.
You are immune to unholy pain and torment.
Your maximum health is greatly increased.
Your equipment is partially melded.
((You are very nimble when in or above water. (Stealth+, EV+, Speed+++)))
((Your lower body shifts to a powerful aquatic tail in water.))


Message History

The endoplasm hits you but does no damage.
You hit the endoplasm.
The endoplasm is heavily wounded.
You feel sick. You block the scorpion's attack.
The hobgoblin hits you but does no damage.
You block the endoplasm's attack. The scorpion barely misses you.
You hit the endoplasm but do no damage.
The endoplasm is heavily wounded.
You feel sick.
You are no longer poisoned.
The endoplasm freezes you.
You are frozen.
The hobgoblin hits you but does no damage.
The scorpion stings you.
* * * LOW HITPOINT WARNING * * *
You are lethally poisoned!
The scorpion poisons you!
You puncture the endoplasm!
You kill the endoplasm!
Qazlal accepts your kill.
* * * LOW HITPOINT WARNING * * *
You feel very sick.
The scorpion stings you but does no damage.
The hobgoblin is engulfed in blazing flames.
You kill the hobgoblin!
Qazlal accepts your kill.
You barely miss the scorpion.
The scorpion is almost dead.
* * * LOW HITPOINT WARNING * * *
You feel very sick.
The scorpion stings you but does no damage.
The scorpion stings you.
* * * LOW HITPOINT WARNING * * *
You are more poisoned.
The scorpion poisons you!
It was a potion of lignification.
You turn into a tree.
Your +0 cloak melds into your body.
Your +0 chain mail melds into your body.
Your roots penetrate the ground.
You die...

#...........#
#.....⌠.....#
#..>.....<..#
#.....⌠.....# ###
#......$....#...#
#..⌠...⌠..##...
#...○.s.##... #.##.♣....#
#.##......# #.#.......#
#.#......†#
.##.###.#.......####
............>......######
##.###.#...............#
#.#..#+###.#.####.#
#.###.#.##.###.#.##.#


You could see a scorpion.

Vanquished Creatures
  Crazy Yiuf (D:2)
  6 adders (D:2)
  A dart slug (D:1)
  2 ball pythons (D:2)
  7 endoplasms
  2 giant cockroaches
  7 goblins (D:1)
  6 hobgoblins
  6 jackals
  A quokka (D:1)
  3 bats (D:2)
  3 frilled lizards
  5 kobolds
  8 rats
58 creatures vanquished.

Notes
Turn   | Place    | Note
-------+----------+-------------------------------------------
     0 | D:1      | apoch the Merfolk Fighter began the quest for the Orb.
     0 | D:1      | Reached XP level 1. HP: 18/18 MP: 1/1
   137 | D:1      | Reached XP level 2. HP: 24/24 MP: 2/2
   608 | D:1      | Reached XP level 3. HP: 27/30 MP: 3/3
   774 | D:1      | Found a faded altar of an unknown god.
   849 | D:1      | Prayed at the altar of an unknown god.
   849 | D:1      | Became a worshipper of Qazlal Stormbringer
   849 | D:1      | Reached * piety under Qazlal
  1578 | D:2      | Reached XP level 4. HP: 37/37 MP: 4/4
  1621 | D:2      | Reached skill level 1 in Invocations
  2234 | D:2      | Reached ** piety under Qazlal
  2265 | D:2      | Found a runed translucent door.
  2266 | D:2      | Noticed Crazy Yiuf
  2372 | D:2      | Killed Crazy Yiuf
  2373 | D:2      | Reached XP level 5. HP: 16/43 MP: 4/6
  2659 | D:3      | Found a shadowy altar of Dithmenos.
  2684 | D:3      | HP: 2/43 [scorpion (2)]
  2685 | D:3      | Succumbed to a scorpion's poison

Illustrated notes

Levels and vault maps discovered:
D:1:      dpeg_arrival_morbid_curiosity, layout_basic,
          chequers_ecumenical_altar_simple
D:2:      layout_basic, uniq_crazy_yiuf_cottage
D:3:      layout_basic, mainiacjoe_overflow_alcove_1,
          kennysheep_decorative_pillar, grunt_ministairs_10

Skill      XL: |  1  2  3  4 |
---------------+-------------+-----
Polearms       | 3 4 |  4.7
Fighting       | 4 |  4.5
Invocations    | 1 |  1.5
Armour         | |  2.6
Shields        | |  3.0

Action                   |  1- 3 |  4- 6 || total
-------------------------+-------+-------++-------
Melee: Trident           |   104 |    94 ||   198
Throw: Stone             |    35 |     9 ||    44
  Use: Potion            |       |     2 ||     2
Armor: Scale mail        |    30 |    28 ||    58
       Chain mail        |       |    14 ||    14
Dodge: Dodged            |    27 |    46 ||    73
Block: Buckler           |    17 |    24 ||    41
